 Dungeon Sprint DCSS version 0.16-a0-4008-gc88e425 (webtiles) character file.

2800000 PolkaDot the Axe Maniac (level 21, -1/204 HPs)
             Began as a Demonspawn Gladiator on Feb 16, 2015.
             Was the Champion of Makhleb.
             Slain by a destroyer
             ... wielding a +9 great sword of slicing
              (29 damage)
             ... in the Dungeon (Sprint VIII: "Arena of Blood").
             The game lasted 00:01:55 (28 turns).

PolkaDot the Axe Maniac (Demonspawn Gladiator)        Turns: 28, Time: 00:01:55

Health: -1/204     AC:  5    Str: 16    XL:     21   Next: 20%
Magic:  19/44      EV: 39    Int: 11    God:    Makhleb [******]
Gold:   0          SH:  0    Dex: 28    Spells: 0 memorised, 62 levels left

rFire  . . .     SeeInvis .     l - +∞ Axe of Woe
rCold  . . .     Clarity  .     b - +0 leather armour
rNeg   . . .     SustAb   .     (no shield)
rPois  .         Gourm    .     (helmet restricted)
rElec  .         Spirit   .     (no cloak)
rCorr  .         Warding  .     (no gloves)
rMut   .         NoTele   +     (no boots)
MR     +....                    (no amulet)
Stlth  +++++++++.               (no ring)
                                (no ring)

@: somewhat resistant to hostile enchantments, incredibly stealthy
A: horns 2, thin skeletal structure 3, foul stench 2, powered by death 3, rot
immunity
a: Minor Destruction, Lesser Servant of Makhleb, Major Destruction, Greater
Servant of Makhleb, Renounce Religion


You were in the Dungeon.
You worshipped Makhleb.
Makhleb was exalted by your worship.
You were not hungry.

You visited 1 branch

Inventory:

Hand weapons
 a - a +0 war axe
 l - the +∞ Axe of Woe (weapon)
   (You found it in the Dungeon)
Missiles
 d - 3 throwing nets (quivered)
Armour
 b - a +0 leather armour (worn)
 c - a +0 helmet
Scrolls
 k - a scroll of blinking
Potions
 e - a potion of curing
 g - a potion of heal wounds
 h - a potion of haste
 i - 2 potions of magic
 j - a potion of berserk rage
Comestibles
 f - a bread ration


   Skills:
 O Level 27 Fighting
 O Level 27 Axes
 O Level 27 Throwing
 + Level 21.3 Armour
 O Level 27 Dodging
 + Level 22.8 Stealth
 + Level 21.3 Unarmed Combat
 + Level 21.3 Spellcasting
 O Level 27 Invocations


You had 62 spell levels left.
You didn't know any spells.

Dungeon Overview and Level Annotations

Branches:
Dungeon (1/1)

Altars:
Makhleb


Innate Abilities, Weirdness & Mutations

You have a pair of horns on your head.
You have an unnaturally thin skeletal structure (Dex +6, Stealth++).
You radiate miasma.
You can steal the life force of all defeated enemies in sight.
You are immune to rotting.


Message History

Makhleb accepts your kill.
Your Armour skill increases to level 21!
Your Unarmed Combat skill increases to level 21!
Your Spellcasting skill increases to level 21!
You are engulfed in roaring flames.
You hear a shout! x9
The destroyer blinks!
You hear a shout!
A bag of meat comes into view. It is wielding a +9 war axe.
A bag of meat comes into view. It is wielding a +9 war axe.
You are engulfed in roaring flames.
You hear a shout! x7
The bag of meat is engulfed in roaring flames.
You hear a shout! x4
The bag of meat is engulfed in roaring flames.
You hear a shout!
The destroyer hits you with a +9 great sword of slicing!!!!!
Ouch! That really hurt!
* * * LOW HITPOINT WARNING * * *
You die...

... ..o.## oo .......
oo####.....##
#o...........
#..........#.
#oOo.......... ..
#§oC).........
.....#o@o..........
....o..oVo).......o..
#.................o.
.#C.......#.......#
....#.....#..)....#
#......###.......###.
.........o.###......
..#........_......
..§....#.....#...


You could see a destroyer, 2 large bags of meat, a meat berserker (berserk) and
13 bags of meat.

Vanquished Creatures
  2 hill giants (D)
  10 ogres (D)
  29 orcs (D)
41 creatures vanquished.

Notes
Turn   | Place    | Note
--------------------------------------------------------------
     0 | D        | PolkaDot, the Demonspawn Gladiator, began the quest for the Orb.
     0 | D        | Reached XP level 1. HP: 16/16 MP: 1/1
     4 | D        | Became a worshipper of Makhleb the Destroyer
     5 | D        | Noticed a bag of meat
     6 | D        | Noticed a bag of meat
     6 | D        | Noticed a bag of meat
     7 | D        | Noticed a bag of meat
    10 | D        | Noticed a meat berserker
    10 | D        | Killed a bag of meat
    10 | D        | Reached skill level 9 in Fighting
    10 | D        | Reached skill level 15 in Axes
    10 | D        | Reached skill level 15 in Dodging
    10 | D        | Gained mutation: You have a somewhat thin skeletal structure (Dex +2, Stealth). [demonic ancestry]
    10 | D        | Reached XP level 2. HP: 20/35 MP: 2/2
    10 | D        | Reached XP level 3. HP: 23/41 MP: 3/3
    10 | D        | Gained mutation: You are immune to rotting. [demonic ancestry]
    10 | D        | Reached XP level 4. HP: 26/47 MP: 4/4
    10 | D        | Reached XP level 5. HP: 29/53 MP: 5/5
    10 | D        | Gained mutation: You can steal the life force of nearby defeated enemies. [demonic ancestry]
    10 | D        | Reached XP level 6. HP: 32/60 MP: 6/6
    10 | D        | Gained mutation: You have a moderately thin skeletal structure (Dex +4, Stealth+). [demonic ancestry]
    10 | D        | Reached XP level 7. HP: 34/65 MP: 7/7
    10 | D        | Gained mutation: You have a pair of small horns on your head. [demonic ancestry]
    10 | D        | Reached XP level 8. HP: 37/72 MP: 8/8
    10 | D        | Reached XP level 9. HP: 40/78 MP: 9/9
    10 | D        | Reached XP level 10. HP: 43/85 MP: 10/10
    10 | D        | Gained mutation: You emit a foul stench. [demonic ancestry]
    10 | D        | Reached XP level 11. HP: 45/90 MP: 11/11
    11 | D        | Noticed a bag of meat
    11 | D        | Noticed a bag of meat
    11 | D        | Noticed a bag of meat
    11 | D        | Noticed a bag of meat
    12 | D        | Noticed a bag of meat
    12 | D        | Noticed a bag of meat
    13 | D        | Noticed a bag of meat
    13 | D        | Noticed a bag of meat
    13 | D        | Noticed a bag of meat
    13 | D        | Noticed a bag of meat
    13 | D        | Noticed a bag of meat
    14 | D        | Noticed a bag of meat
    14 | D        | Noticed a bag of meat
    14 | D        | Noticed a bag of meat
    15 | D        | Noticed a bag of meat
    15 | D        | Noticed a meat berserker
    15 | D        | Killed a meat berserker
    15 | D        | Acquired Makhleb's first power
    15 | D        | Reached skill level 18 in Axes
    15 | D        | Reached skill level 10 in Throwing
    15 | D        | Gained mutation: You can steal the life force of defeated enemies. [demonic ancestry]
    15 | D        | Reached XP level 12. HP: 49/100 MP: 12/12
    15 | D        | Killed a bag of meat
    15 | D        | Reached skill level 19 in Axes
    15 | D        | Gained mutation: You can steal the life force of all defeated enemies in sight. [demonic ancestry]
    15 | D        | Reached XP level 13. HP: 51/109 MP: 13/13
    16 | D        | Noticed a large bag of meat
    16 | D        | Noticed a bag of meat
    16 | D        | Noticed a bag of meat
    16 | D        | Noticed a bag of meat
    16 | D        | Noticed a meat berserker
    16 | D        | Killed a bag of meat
    16 | D        | Acquired Makhleb's second power
    16 | D        | Reached skill level 20 in Axes
    17 | D        | Noticed a bag of meat
    17 | D        | Noticed a meat berserker
    17 | D        | Noticed a bag of meat
    17 | D        | Noticed a bag of meat
    17 | D        | Killed a meat berserker
    17 | D        | Reached skill level 21 in Axes
    17 | D        | Reached XP level 14. HP: 117/120 MP: 14/14
    17 | D        | Killed a bag of meat
    17 | D        | Acquired Makhleb's third power
    17 | D        | Reached skill level 22 in Axes
    17 | D        | Killed a large bag of meat
    17 | D        | Reached skill level 15 in Fighting
    17 | D        | Reached skill level 23 in Axes
    17 | D        | Reached XP level 15. HP: 126/129 MP: 15/15
    17 | D        | Killed a bag of meat
    17 | D        | Reached skill level 24 in Axes
    17 | D        | Killed a bag of meat
    17 | D        | Acquired Makhleb's fourth power
    18 | D        | Noticed a large bag of meat
    18 | D        | Noticed a bag of meat
    18 | D        | Noticed a bag of meat
    18 | D        | Killed a bag of meat
    18 | D        | Reached skill level 25 in Axes
    18 | D        | Killed a bag of meat
    18 | D        | Acquired Makhleb's fifth power
    18 | D        | Reached skill level 26 in Axes
    18 | D        | Reached XP level 16. HP: 142/142 MP: 16/16
    18 | D        | Killed a bag of meat
    18 | D        | Reached skill level 15 in Throwing
    19 | D        | Noticed a bag of meat
    19 | D        | Noticed a bag of meat
    19 | D        | Noticed a bag of meat
    19 | D        | Noticed a meat berserker
    19 | D        | Noticed a meat berserker
    19 | D        | Killed a bag of meat
    19 | D        | Reached skill level 27 in Axes
    19 | D        | Killed a bag of meat
    19 | D        | Reached skill level 27 in Dodging
    19 | D        | Killed a bag of meat
    19 | D        | Reached XP level 17. HP: 156/162 MP: 17/17
    19 | D        | Noticed a bag of meat
    20 | D        | Noticed a bag of meat
    20 | D        | Noticed a bag of meat
    20 | D        | Noticed a bag of meat
    20 | D        | Noticed a meat berserker
    20 | D        | Noticed a bag of meat
    20 | D        | Noticed a bag of meat
    20 | D        | Noticed a meat berserker
    20 | D        | Noticed a bag of meat
    21 | D        | Noticed a large bag of meat
    21 | D        | Noticed a bag of meat
    21 | D        | Noticed a bag of meat
    21 | D        | Noticed a meat berserker
    21 | D        | Noticed a meat berserker
    21 | D        | Killed a bag of meat
    21 | D        | Killed a meat berserker
    21 | D        | Killed a bag of meat
    22 | D        | Noticed a meat berserker
    22 | D        | Killed a bag of meat
    22 | D        | Reached skill level 27 in Fighting
    22 | D        | Killed a meat berserker
    22 | D        | Reached XP level 18. HP: 182/182 MP: 18/18
    22 | D        | Killed a meat berserker
    22 | D        | Killed a bag of meat
    22 | D        | Reached skill level 27 in Throwing
    23 | D        | Noticed a bag of meat
    23 | D        | Killed a meat berserker
    23 | D        | Reached skill level 5 in Armour
    23 | D        | Reached skill level 5 in Stealth
    23 | D        | Reached skill level 5 in Unarmed Combat
    23 | D        | Reached skill level 5 in Spellcasting
    23 | D        | Killed a bag of meat
    23 | D        | Reached skill level 10 in Invocations
    23 | D        | Killed a bag of meat
    23 | D        | Reached skill level 10 in Stealth
    24 | D        | Noticed a bag of meat
    24 | D        | Noticed a bag of meat
    24 | D        | Noticed a bag of meat
    24 | D        | Killed a bag of meat
    24 | D        | Reached skill level 10 in Armour
    24 | D        | Reached skill level 10 in Unarmed Combat
    24 | D        | Reached skill level 10 in Spellcasting
    24 | D        | Gained mutation: You have an unnaturally thin skeletal structure (Dex +6, Stealth++). [demonic ancestry]
    24 | D        | Reached XP level 19. HP: 189/189 MP: 18/36
    24 | D        | Killed a bag of meat
    24 | D        | Killed a bag of meat
    25 | D        | Noticed a bag of meat
    25 | D        | Killed a meat berserker
    25 | D        | Reached skill level 15 in Stealth
    25 | D        | Killed a meat berserker
    25 | D        | Killed a bag of meat
    25 | D        | Reached skill level 15 in Armour
    25 | D        | Reached skill level 15 in Unarmed Combat
    25 | D        | Reached skill level 15 in Spellcasting
    26 | D        | Killed a bag of meat
    26 | D        | Gained mutation: You have a pair of horns on your head. [demonic ancestry]
    26 | D        | Reached XP level 20. HP: 197/197 MP: 18/40
    26 | D        | Killed a bag of meat
    26 | D        | Killed a bag of meat
    26 | D        | Killed a bag of meat
    26 | D        | Killed a bag of meat
    27 | D        | Noticed a large bag of meat
    27 | D        | Noticed a destroyer
    27 | D        | Noticed a bag of meat
    27 | D        | Killed a bag of meat
    27 | D        | Killed a large bag of meat
    27 | D        | Killed a meat berserker
    27 | D        | Killed a bag of meat
    27 | D        | Reached skill level 27 in Invocations
    27 | D        | Gained mutation: You radiate miasma. [demonic ancestry]
    27 | D        | Reached XP level 21. HP: 204/204 MP: 18/44
    27 | D        | Killed a meat berserker
    28 | D        | Noticed a bag of meat
    28 | D        | Noticed a bag of meat
    28 | D        | Slain by a destroyer

Action                   |  1- 3 |  4- 6 |  7- 9 | 10-12 | 13-15 | 16-18 | 19-21 || total
-------------------------+-------+-------+-------+-------+-------+-------+-------++-------
Melee: Executioner's axe |     1 |       |       |     1 |     3 |     5 |     3 ||    13
